 Dungeon Crawl Stone Soup version 0.30-a0-219-gf2db51d15e (webtiles) character file.

Game seed: 7473045350126723129

637 Flugkiller the Ruffian (level 8, -1/68 HPs)
             Began as a Meteoran Chaos Knight on Oct 6, 2022.
             Was a Plaything of Xom.
             Slain by an iguana (5 damage)
             ... on level 5 of the Dungeon.
             The game lasted 00:08:32 (2001 turns).

Flugkiller the Ruffian (Meteoran Chaos Knight)      Turns: 2001, Time: 00:08:32

Health: -1/68      AC:  8    Str: 14    XL:     8   Next: 7%
Magic:  14/14      EV: 11    Int: 13    God:    Xom [*.....]
Gold:   231        SH:  0    Dex: 14    Spells: 14/14 levels left

rFire   . . .      SeeInvis .    z - +0 flail
rCold   . . .      Faith    .    (no shield)
rNeg    . . .      Spirit   .    b - +2 leather armour
rPois   .          Reflect  .    g - +0 helmet
rElec   .          Harm     .    (no cloak)
rCorr   .          Rampage  .    (no gloves)
Will    +....                    D - +1 pair of boots
Stlth   +.........               j - amulet of regeneration
HPRegen 1.11/turn                (no ring)
MPRegen 0.14/turn                (no ring)

@: glowing
A: sense surroundings 1, otherworldly, glowing, explore regen, weak 1, noise
suppression
a: Renounce Religion


You were on level 5 of the Dungeon.
You worshipped Xom.
You were a special plaything of Xom.
You visited 1 branch of the dungeon, and saw 5 of its levels.

You collected 231 gold pieces.

Inventory:

Hand Weapons
 a - a +0 mace of chaos
 z - a +0 flail (weapon)
   (You took it off an orc on level 4 of the Dungeon)
Missiles
 e - 2 silver boomerangs
 k - a throwing net
 m - 5 boomerangs
Armour
 b - a +2 leather armour (worn)
 f - a +0 ring mail
   (You found it on level 1 of the Dungeon)
 g - a +0 helmet (worn)
   (You took it off Robin on level 2 of the Dungeon)
 v - a +0 plate armour
   (You found it on level 4 of the Dungeon)
 B - a +0 cloak
   (You found it on level 4 of the Dungeon)
 D - a +1 pair of boots (worn)
   (You found it on level 4 of the Dungeon)
Magical Staves
 y - a staff of fire
   (You took it off an orc on level 4 of the Dungeon)
Jewellery
 j - an amulet of regeneration (around neck)
   (You found it on level 1 of the Dungeon)
Scrolls
 d - a scroll of enchant weapon
 i - a scroll of poison
 l - a scroll of fog
 o - a scroll of blinking {unknown}
 p - a scroll of vulnerability {unknown}
 q - a scroll of fear {unknown}
 s - a scroll of noise {unknown}
 t - 4 scrolls of teleportation {unknown}
 u - a scroll of enchant armour {unknown}
 A - a scroll of immolation {unknown}
 F - a scroll of amnesia {unknown}
Potions
 h - a potion of mutation {unknown}
 n - a potion of haste {unknown}
 w - 3 potions of heal wounds
 x - a potion of lignification {unknown}
 C - a potion of brilliance {unknown}
 E - a potion of might {unknown}
Miscellaneous
 c - a piece from Xom's chessboard (15/15) (quivered)


   Skills:
 + Level 5.1 Fighting
 - Level 4.3 Maces & Flails
 - Level 2.4 Armour
 - Level 1.2 Dodging
 * Level 5.8 Unarmed Combat
 + Level 3.6 Spellcasting
 + Level 3.7 Transmutations


You had 14 spell levels left.
You didn't know any spells.
Your spell library contained the following spells:

 Spells                   Type           Power      Damage    Failure   Level
 Vhi's Electric Charge    Tloc/Air       4%         N/A       63%         3
 Blade Hands              Tmut           6%         N/A       85%         5
 Animate Armour           Summ/Erth      4%         N/A       95%         4
 Arcjolt                  Conj/Air       1%         1d11      100%        5
 Iron Shot                Conj/Erth      1%         9d1       100%        6
 Maxwell's Capacitive Co  Air            1%         ∞         100%        8


Dungeon Overview and Level Annotations

Branches:
Dungeon (5/15) Zot: 939
 Temple: D:4-7

Altars:
Elyvilon

Annotations:
D:5 1 runed translucent door, Tenar's ghost, novice FoFi


Innate Abilities, Weirdness & Mutations

You passively map a small area around you.
You are easily found by Zot.
You glow in the dark.
You regain HP and MP as you explore.
You are weak. (Str -2)
You passively dampen the noise of your surroundings.


Message History

Search for what [? for help]? quick Unknown command.
Unknown command.
Aiming: Fastroot
Press: ? - help, Shift-Dir - straight line, f - centaur
Aim: a centaur, wielding a +0 shortbow (severely wounded)
The roots erupt in riotous growth!
Roots grab the centaur.
The now-empty wand crumbles to dust.
The grasping roots constrict the centaur.
You hear a shout!
The centaur shoots an arrow.
The arrow hits you! The phantom hits you.
The phantom blinks!
You blink.
You closely miss the phantom.
The phantom is lightly damaged.
The grasping roots constrict the centaur!
You kill the centaur!
The phantom closely misses you.
Your Fighting skill increases to level 5!
You thump the phantom!
The phantom is heavily damaged.
The phantom hits you.
You hit the phantom but do no damage.
The phantom is heavily damaged.
The phantom hits you.
The phantom blinks!
You blink.
You sock the phantom!
The phantom is almost destroyed.
The phantom closely misses you.
You hit the phantom.
The phantom is almost destroyed.
The phantom hits you but does no damage.
You hit the phantom.
You destroy the phantom!
You have reached level 8!
You hit the iguana but do no damage. The iguana misses you.
You hit the iguana but do no damage.
A white imp comes into view.
The iguana barely misses you.
The white imp shouts!
You hit the iguana but do no damage. The white imp gestures at you.
The puff of frost hits you!
The iguana bites you but does no damage.
You hit the iguana. You punch the iguana, but do no damage.
The iguana is lightly wounded.
Xom makes a sudden noise!
You hear a knock.
You hear a shout!
You hear an angry hiss.
You hear a shout!
You hear an angry hiss.
You hear a shout! x3
The iguana bites you.
You hear a shout!
You closely miss the iguana.
The iguana is lightly wounded.
The iguana misses you.
You barely miss the iguana.
The iguana is lightly wounded.
The iguana closely misses you. The white imp gestures at you.
The puff of frost hits you!
* * * LOW HITPOINT WARNING * * *
The iguana barely misses you.
You hit the iguana but do no damage.
The iguana is lightly wounded.
The iguana bites you!
* * * LOW HITPOINT WARNING * * *
"Let me alter your body."
Your body is suffused with distortional energy.
You feel weaker.
You feel your surroundings grow quieter.
The ball python hisses angrily.
The white imp hits you but does no damage.
The white imp attacks as you move away!
The white imp hits you but does no damage.
Found a scroll labelled ITAZIB YKI.
Found a runed translucent door.
Tenar's ghost turns its malevolent gaze towards you.
The white imp gestures at you. The puff of frost hits you!
* * * LOW HITPOINT WARNING * * *
The iguana hisses menacingly.
The iguana attacks as you move away! The iguana bites you.
* * * LOW HITPOINT WARNING * * *
The iguana attacks as you move away! The iguana barely misses you.
An orc warrior comes into view. It is wielding a +0 broad axe.
The bullfrog gives a loud, deep croak!
The orc warrior shouts!
The white imp gestures at you.
The puff of frost hits you but does no damage.
The iguana attacks as you move away! The iguana bites you.
* * * LOW HITPOINT WARNING * * *
An orc wizard comes into view. It is wielding a +0 dagger.
Found a morningstar.
The orc wizard shouts!
The orc warrior hits you with a +0 broad axe!
* * * LOW HITPOINT WARNING * * *
Unknown command.
As you read the scroll labelled ATUMNYNKEA, it crumbles to dust.
The scroll dissolves into smoke.
It was a scroll of fog.
The orc warrior hits you with a +0 broad axe.
* * * LOW HITPOINT WARNING * * *
The iguana bites you.
You die...
Xom roars with laughter!

..l##.$.....>..........,
.... #.<..)........[## ,
... ##............## ..
##..........## , ,* ,
###.....#### , ,
####....## * .......§5#
,*#######§l##### * * *
#§§@o§.# * , #§§§§§.....
, * * #§.##+##.o. ** * *
* ##.#SWF# . , , .?#~~~#
, * , , ,##.#~~~#
#.#~~~# * ## ~)~# * , ~~
,


You could see an orc warrior, a bullfrog, an iguana, Tenar's ghost, a white imp
and a ball python.

Vanquished Creatures
  A centaur (D:5)
  A phantom (D:5)
  Blork the orc (D:4)
  A scorpion (D:4)
  A jelly (D:4)
  A hound (D:4)
  An orc priest (D:3)
  Ijyb (D:4)
  Terence (D:3)
  2 orc wizards
  Robin (D:2)
  6 adders
  A worm (D:2)
  A dart slug (D:1)
  10 orcs
  7 endoplasms
  2 giant cockroaches (D:4)
  9 goblins
  10 hobgoblins
  12 jackals
  10 kobolds
  5 ball pythons
  6 bats
  A frilled lizard (D:2)
  2 rats (D:1)
94 creatures vanquished.

Vanquished Creatures (collateral kills)
  A rat (D:3)
1 creature vanquished.

Vanquished Creatures (others)
  A ball python zombie (D:3)
  A kobold zombie (D:3)
  10 plants (D:2)
12 creatures vanquished.

Grand Total: 107 creatures vanquished

Notes
Turn   | Place    | Note
-------+----------+-------------------------------------------
     0 | D:1      | Flugkiller the Meteoran Chaos Knight began the quest for
                  | the Orb.
     0 | D:1      | Reached XP level 1. HP: 19/19 MP: 2/2
    13 | D:1      | XOM: silly message
   135 | D:1      | Reached XP level 2. HP: 22/26 MP: 3/3
   162 | D:1      | XOM: divination: magic mapping
   168 | D:1      | Reached skill level 1 in Unarmed Combat
   220 | D:1      | Found a faded altar of an unknown god.
   229 | D:1      | Reached XP level 3. HP: 29/31 MP: 4/4
   522 | D:2      | Reached XP level 4. HP: 40/40 MP: 4/6
   542 | D:2      | You fall into a shaft and drop 1 floor!
   544 | D:3      | Found a white marble altar of Elyvilon.
   557 | D:3      | Reached skill level 1 in Spellcasting
   557 | D:3      | Reached skill level 1 in Transmutations
   560 | D:3      | Reached XP level 5. HP: 43/46 MP: 6/8
   607 | D:3      | XOM: god gift: 16 gold pieces
   741 | D:2      | Noticed Robin
   767 | D:2      | Killed Robin
  1209 | D:3      | XOM: summons 1 hostile demon
  1340 | D:3      | Noticed Terence
  1342 | D:3      | XOM: potion effect (brilliance)
  1350 | D:3      | Killed Terence
  1351 | D:3      | Reached XP level 6. HP: 41/52 MP: 8/10
  1556 | D:4      | XOM: divination: detect creatures
  1611 | D:4      | Reached XP level 7. HP: 43/60 MP: 10/12
  1722 | D:4      | Noticed Blork the orc
  1737 | D:4      | Killed Blork the orc
  1738 | D:4      | Reached skill level 5 in Unarmed Combat
  1914 | D:4      | Noticed Ijyb
  1925 | D:4      | Killed Ijyb
  1928 | D:4      | XOM: silly message
  1959 | D:4      | XOM: silly message
  1971 | D:5      | Entered Level 5 of the Dungeon
  1983 | D:5      | Reached skill level 5 in Fighting
  1988 | D:5      | Reached XP level 8. HP: 33/68 MP: 14/14
  1991 | D:5      | XOM: noise
  1995 | D:5      | XOM: give mutations
  1995 | D:5      | Gained mutation: You are weak. (Str -2) [Xom's mischief]
  1995 | D:5      | Gained mutation: You passively dampen the noise of your
                  | surroundings. [Xom's mischief]
  1996 | D:5      | Noticed Tenar's ghost (novice FoFi)
  1997 | D:5      | Found a runed translucent door.
  2001 | D:5      | Slain by an iguana

Illustrated notes

Levels and vault maps discovered:
D:1:      giann_horns, layout_basic, basic_ecumenical_altar, serial_forest,
          infiniplex_forest_straight_3, infiniplex_forest_end_2,
          infiniplex_forest_clump_curved, infiniplex_forest_clump_tiny,
          infiniplex_forest_lined_corner, infiniplex_forest_clump_long,
          infiniplex_forest_clump_double, infiniplex_forest_clump_small
D:2:      layout_loops_ring, serial_forest, infiniplex_forest_lined_2,
          infiniplex_forest_clump_medium, infiniplex_forest_corner_2,
          infiniplex_forest_clump_long, infiniplex_forest_clump_double,
          infiniplex_forest_lined_3_way, infiniplex_forest_straight_2,
          uniq_robin
D:3:      layout_basic, mainiacjoe_overflow_paths,
          chequers_serial_rivers_micro_c, minmay_misc_feat_tiny, uniq_terence
D:4:      layout_cave_pools, uniq_ijyb, uniq_blork_the_orc
D:5:      layout_rooms, ebering_ghost_sewer_f, enter_ossuary_5, serial_shops,
          shop

Skill      XL: |  1  2  3  4  5  6  7 |
---------------+----------------------+-----
Unarmed Combat | 1 2 3 4 5 |  5.8
Spellcasting   | 1 2 3 |  3.6
Transmutations | 1 2 3 |  3.7
Fighting       | 4 5 |  5.1
Maces & Flails | |  4.3
Armour         | |  2.4
Dodging        | |  1.2

Action                   |  1- 3 |  4- 6 |  7- 9 || total
-------------------------+-------+-------+-------++-------
Melee: Mace              |    64 |   188 |     8 ||   260
       Punch             |     2 |     1 |     2 ||     5
       Flail             |       |       |    60 ||    60
Evoke: Wand              |       |       |     2 ||     2
  Use: Scroll            |       |     3 |     1 ||     4
Armor: Leather armour    |    43 |   100 |    44 ||   187
Dodge: Dodged            |    44 |   104 |    41 ||   189

Table legend: (Time is in decaauts)
 A = Elapsed time spent in this place.
 B = Non-inter-level travel time spent in this place.
 C = Inter-level travel time spent in this place.
 D = Time resting spent in this place.
 E = Time spent auto-exploring this place.
 F = Levels seen in this place.
 G = Mean time per level.
                   A        B        C        D        E       F      G
               +--------+--------+--------+--------+--------+-----+--------+
         Total |   2059 |   1924 |    135 |      4 |      0 |   5 |  411.8 |
       Dungeon |   2059 |   1924 |    135 |      4 |      0 |   5 |  411.8 |
               +--------+--------+--------+--------+--------+-----+--------+

Top non-repeatable levels by time:
     D:3: 605 daAuts
     D:2: 517 daAuts
     D:4: 456 daAuts
     D:1: 447 daAuts
     D:5: 33 daAuts
